 Dungeon Sprint DCSS version 0.21-a0-414-gba8bdf1 (webtiles) character file.

26 Kidiri the Ruffian (level 2, -5/25 HPs)
             Began as a Draconian Transmuter on Nov 2, 2017.
             Was an Initiate of Qazlal.
             Slain by an orc warrior
             ... wielding a +0 hand axe
              (18 damage)
             ... in the Dungeon (Sprint IX: "|||||||||||||||||||||||||||||").
             The game lasted 00:01:51 (407 turns).

Kidiri the Ruffian (Draconian Transmuter)            Turns: 407, Time: 00:01:52

Health: -5/25      AC:  6    Str: 15    XL:     2   Next: 89%
Magic:  2/6        EV: 13    Int: 13    God:    Qazlal [......]
Gold:   0          SH:  0    Dex: 14    Spells: 4/7 levels left

rFire    . . .     SeeInvis .     - Unarmed
rCold    . . .     Gourm    .   (no shield)
rNeg     . . .     Faith    .   (armour unavailable)
rPois    .         Spirit   .   (helmet restricted)
rElec    .         Reflect  .   (no cloak)
rCorr    .         Harm     .   o - +0 pair of gloves
MR       .....     NoTele   +   p - +0 pair of boots
Stlth    ++........             (no amulet)
HPRegen  0.08/turn              q - +3 ring of strength
MPRegen  0.10/turn              r - +3 ring of dexterity

@: appendage (expiring), very slightly contaminated
A: unfitting armour, horns 2, cold-blooded, AC +4
a: End Transformation, Renounce Religion


You were in the Dungeon.
You worshipped Qazlal.
Qazlal was noncommittal.
You were not hungry.
You had grown temporary horns.
You visited 1 branch

Inventory:

Missiles
 a - 11 arrows
Armour
 o - a +0 pair of gloves (worn)
 p - a +0 pair of boots (worn)
Jewellery
 q - a +3 ring of strength (left hand)
 r - a +3 ring of dexterity (right hand)
Wands
 n - a wand of acid (7/15)
Scrolls
 i - 2 scrolls of blinking
 l - 3 scrolls of remove curse
 m - 2 scrolls of amnesia
Potions
 d - 5 potions of curing
 e - 3 potions of heal wounds
 f - a potion of haste
 g - 4 potions of magic
 h - a potion of berserk rage
 k - a potion of invisibility
Books
 b - a book of Changes

   Spells                             Type                      Level
   a - Beastly Appendage              Transmutation                1
   b - Sticks to Snakes               Transmutation                2
   c - Spider Form                    Transmutation/Poison         3
   d - Ice Form                       Ice/Transmutation            4
   e - Blade Hands                    Transmutation                5
Comestibles
 c - a bread ration
 j - 2 chunks of flesh


   Skills:
 + Level 2.3 Fighting
 * Level 3.0 Dodging
 + Level 1.6 Stealth
 * Level 4.0 Unarmed Combat
 * Level 3.1 Spellcasting
 + Level 2.7 Transmutations


You had 4 spell levels left.
You knew the following spells:

 Your Spells              Type           Power        Failure   Level  Hunger
a - Beastly Appendage     Tmut           #.....       8%          1    #......
b - Sticks to Snakes      Tmut           #.......     12%         2    ##.....


Dungeon Overview and Level Annotations

Branches:
Dungeon (1/1)

Altars:
Cheibriados
Dithmenos
Elyvilon
Fedhas
Gozag
Hepliaklqana
Kikubaaqudgha
Makhleb
Nemelex Xobeh
Okawaru
Qazlal
Ru
Sif Muna
Trog
Uskayaw
Vehumet
Wu Jian
Xom
Yredelemnul
Zin
The Shining One
Beogh
Jiyva
Lugonu


Innate Abilities, Weirdness & Mutations

Your plain brown scales are hard. (AC +4)
You cannot fit into any form of body armour.
You are cold-blooded and may be slowed by cold attacks.
You have a pair of horns on your head.


Message History

Confirm with . or Enter, or press ? or * to list all spells.
You miscast Sticks to Snakes.
You are very lightly contaminated with residual magic.
Your skin glows momentarily.
Unknown command.
You hit the orc warrior.
The orc warrior is lightly wounded.
The orc warrior misses you.
You hit the orc warrior but do no damage.
The orc warrior is lightly wounded.
A sky beast appears from thin air!
Reactivating autopickup.
You hit the orc warrior.
The orc warrior is lightly wounded.
The orc warrior hits you with a hand axe!
You barely miss the orc warrior.
The orc warrior is lightly wounded.
The orc warrior hits you with a hand axe!!
Ouch! That really hurt!
You die...

▓'▓
▓.▓
▓.▓
▓|▓
▓)▓
▓.▓
▓.▓
▓[▓
▓@▓
▓o▓
▓V▓
▓Z▓
▓Y▓
▓5▓
▓5▓
▓.▓
▓.▓


You could see a vampire, an orc warrior, a sky beast, 2 crimson imps and a bat
skeleton.

Vanquished Creatures
  An adder (D)
  An ooze (D)
  An adder zombie (D)
  A giant cockroach (D)
  2 hobgoblins (D)
  A jackal (D)
  A quokka (D)
  A frilled lizard (D)
  A leopard gecko skeleton (D)
10 creatures vanquished.

Notes
Turn   | Place    | Note
-------+----------+-------------------------------------------
     0 | D        | Kidiri the Draconian Transmuter began the quest for the Orb.
     0 | D        | Reached XP level 1. HP: 16/16 MP: 3/3
   217 | D        | Reached skill level 1 in Stealth
   217 | D        | Reached XP level 2. HP: 21/24 MP: 3/5
   235 | D        | Reached skill level 4 in Unarmed Combat
   244 | D        | Found a roughly hewn altar of Beogh.
   244 | D        | Found a snail-covered altar of Cheibriados.
   244 | D        | Found a shadowy altar of Dithmenos.
   244 | D        | Found a white marble altar of Elyvilon.
   244 | D        | Found a blossoming altar of Fedhas.
   244 | D        | Found an opulent altar of Gozag.
   245 | D        | Found a hazy altar of Hepliaklqana.
   246 | D        | Found a viscous altar of Jiyva.
   247 | D        | Found an ancient bone altar of Kikubaaqudgha.
   248 | D        | Found a corrupted altar of Lugonu.
   249 | D        | Found a burning altar of Makhleb.
   250 | D        | Found a sparkling altar of Nemelex Xobeh.
   251 | D        | Found an iron altar of Okawaru.
   252 | D        | Found a stormy altar of Qazlal.
   253 | D        | Found a sacrificial altar of Ru.
   254 | D        | Found a deep blue altar of Sif Muna.
   255 | D        | Found a bloodstained altar of Trog.
   256 | D        | Found a hide-covered altar of Uskayaw.
   257 | D        | Found a radiant altar of Vehumet.
   258 | D        | Found an ornate altar of the Wu Jian Council.
   259 | D        | Found a shimmering altar of Xom.
   260 | D        | Found a basalt altar of Yredelemnul.
   262 | D        | Became a worshipper of Qazlal Stormbringer
   266 | D        | Learned a level 2 spell: Sticks to Snakes
   267 | D        | Found a glowing silver altar of Zin.
   268 | D        | Found a glowing golden altar of the Shining One.
   396 | D        | Noticed an orc warrior
   396 | D        | Noticed a crimson imp
   396 | D        | Noticed a crimson imp
   396 | D        | Noticed a vampire
   396 | D        | Noticed a sky beast
   407 | D        | Slain by an orc warrior

Vault maps used:
D:        linesprint

Skill      XL: |  1  2 |
---------------+-------+-----
Dodging        | 2 3 |  3.0
Fighting       | 2 |  2.3
Stealth        | 1 |  1.6
Spellcasting   | 3 |  3.1
Unarmed Combat | 4 |  4.0
Transmutations | |  2.7

Action                   || total
-------------------------++-------
Melee: Unarmed           ||    48
       Tailslap          ||     4
       Kick              ||     2
       Headbutt          ||     1
 Cast: Beastly Appendage ||     4
       Sticks to Snakes  ||     1
Armor: Skin              ||     6
Dodge: Dodged            ||    25

Table legend:
 A = Spawn XP
 B = Non-spawn XP
 C = Spawn XP percentage of total XP
 D = Spawn monster count
 E = Non-spawn monster count
 F = Spawn count percentage of total count
 G = Total turns spent on level
                    A         B        C        D         E        F      G
               +---------+---------+-------+---------+---------+-------+---------
         Total |       0 |      38 |   0.0 |       0 |      10 |   0.0 |   407
               +---------+---------+-------+---------+---------+-------+---------
             D |       0 |      38 |   0.0 |       0 |      10 |   0.0 |   407
               +---------+---------+-------+---------+---------+-------+---------
